 Dungeon Crawl Stone Soup version 0.29-a0-337-g68df138881 (webtiles) character file.

Game seed: 4889888776360091569

7 spaghetti the Sneak (level 1, -3/20 HPs)
             Began as a Deep Dwarf Delver on Apr 17, 2022.
             Slain by Pikel
             ... wielding a +0 whip of freezing
              (7 damage)
             ... on level 5 of the Dungeon.
             The game lasted 00:01:23 (80 turns).

spaghetti the Sneak (Deep Dwarf Delver)               Turns: 80, Time: 00:01:24

Health: -3/20      AC:  3    Str: 15    XL:     1   Next: 83%
Magic:  1/1        EV: 12    Int: 10    God:
Gold:   16         SH:  0    Dex: 14    Spells: 0/0 levels left

rFire   . . .      SeeInvis .   d - +2 hand axe (distort) {!waxe}
rCold   . . .      Faith    .   (no shield)
rNeg    . . .      Spirit   .   b - +0 leather armour
rPois   .          Reflect  .   (no helmet)
rElec   .          Harm     .   (no cloak)
rCorr   .          Rampage  .   (no gloves)
Will    .....                   (no boots)
Stlth   +++.......              (no amulet)
HPRegen 0.00/turn               (no ring)
MPRegen 0.07/turn               (no ring)

@: no status effects
A: damage resistance, heal wounds, sense surroundings 1, no regeneration
a: Heal Wounds


You were on level 5 of the Dungeon.
You visited 1 branch of the dungeon, and saw 1 of its levels.

You collected 16 gold pieces.


Innate Abilities, Weirdness & Mutations

You are resistant to damage.
You can heal yourself by infusing magical energy.
You passively map a small area around you.
You do not regenerate.


   Skills:
 - Level 2.6 Fighting
 - Level 1.7 Short Blades
 - Level 2.1 Dodging
 + Level 6.5 Stealth


You couldn't memorise any spells.
You didn't know any spells.
Your spell library was empty.

Inventory:

Hand Weapons
 a - a +0 short sword {short}
 d - a +2 hand axe of distortion (weapon) {!waxe}
   (You found it on level 5 of the Dungeon)
Armour
 b - a +0 leather armour (worn)
Wands
 g - a wand of digging (3)
Scrolls
 c - a scroll of fog
 e - a scroll of fear
Potions
 f - a potion of haste {@q3}

Dungeon Overview and Level Annotations

Branches:
Dungeon (5/15)             Temple (0/1) D:5

Altars:
Ashenzari
Cheibriados
Dithmenos
Gozag
Hepliaklqana
Kikubaaqudgha
Uskayaw
Wu Jian

Annotations:
D:5 Pikel

################*
#.....555.......*
#########...8..8@.8..8..*
...............K5.......*
......###...........[..>*
#####.####..............*
#...........8..8.$8..8..*
#.###.###...............*
,,* #.# ################*
#####.# *,,* ......#
*,,*****


You could see Pikel and 4 lemures.


Message History

🤖 Initializing magus.rc ...
Options error: Delay interrupt name "hungry" not recognised. (~/.crawlrc:4761) Options error: Bad monster_list_colour key: strict_neutral (~/.crawlrc:4776) ✅ Successfully initialized magus.rc [v1.9.6] Welcome, spaghetti the Deep Dwarf Delver.
Below lies the Orb of Zot, rumoured to be powerful enough to resurrect a god...
Press ? for a list of commands and other information.
Found an escape hatch in the floor.
Found a stone staircase leading down.
There is an escape hatch in the floor here.
Found a shadowy altar of Dithmenos and a broken altar of Ashenzari.
Found an ornate altar of the Wu Jian Council.
Found a hazy altar of Hepliaklqana.
Found an ancient bone altar of Kikubaaqudgha.
Found an opulent altar of Gozag.
You now have 16 gold pieces.
A white imp comes into view.
Found a hide-covered altar of Uskayaw.
Found a snail-covered altar of Cheibriados.
There is a hide-covered altar of Uskayaw here.
The helpless white imp fails to defend itself.
You puncture the white imp!
The white imp hits you but does no damage.
You hit the white imp.
You kill the white imp!
There is a hide-covered altar of Uskayaw here.
Really read
d - a scroll of magic mapping {!r}?
As you read the scroll of magic mapping {!r}, it crumbles to dust.
You feel aware of your surroundings.
You sensed 1 shop/portal.
d - a +2 hand axe of distortion {!waxe} Pikel, Merchant of Souls comes into view.
He is wielding a +0 whip of freezing.
Okay, then.
A lemure comes into view.
Unknown command.
Really wield
d - a +2 hand axe of distortion {!waxe}?
Okay, then.
Really wield
d - a +2 hand axe of distortion {!waxe}?
Space warps around you for a moment!
d - a +2 hand axe of distortion (weapon)
{!waxe} Unknown command.
Unknown command.
A lemure comes into view. 2 lemures come into view.
The lemure shouts! x3
The lemure hits you! 😮 HP[-6]
You take 6 damage, and now have 14/20 hp.
MASSIVE DAMAGE!! (PAUSE)
The lemure attacks as you move away! The lemure hits you but does no damage.
The lemure barely misses you. The lemure attacks as you move away!
The lemure hits you.
* * * LOW HITPOINT WARNING * * *
The lemure misses you. x2
Unknown command. 😨 HP[-4]
You take 4 damage, and now have 10/20 hp.
Found a staircase to the Ecumenical Temple.
You closely miss the lemure. You hit the lemure.
Space warps horribly around the lemure!!
Unknown command.
You closely miss Pikel. You closely miss the lemure. x2
You barely miss the lemure. The lemure hits you!
* * * LOW HITPOINT WARNING * * *
The lemure hits you.
* * * LOW HITPOINT WARNING * * *
The lemure hits you but does no damage.
Pikel hits you with a +0 whip of freezing!
You die...

Action                   || total
-------------------------++-------
Melee: Short sword       ||     2
       Hand axe          ||     2
  Use: Scroll            ||     1
 Stab: Sleeping          ||     1
Armor: Leather armour    ||     3
Dodge: Dodged            ||     3

Levels and vault maps discovered:
D:5:      layout_loops_ring, nicolae_overflow_hallway_of_the_gods, temple_hall,
          gammafunk_ghost_icy, serial_shops, nicolae_shop_behind_doors,
          uniq_edmund, uniq_pikel

Notes
Turn   | Place    | Note
-------+----------+-------------------------------------------
     0 | D:5      | spaghetti the Deep Dwarf Delver began the quest for the
                  | Orb.
     0 | D:5      | Reached XP level 1. HP: 20/20 MP: 1/1
     0 | D:5      | magus.rc [v1.9.6]
     7 | D:5      | Found a shadowy altar of Dithmenos.
     7 | D:5      | Found a broken altar of Ashenzari.
     9 | D:5      | Found an ornate altar of the Wu Jian Council.
    15 | D:5      | Found a hazy altar of Hepliaklqana.
    18 | D:5      | Found an ancient bone altar of Kikubaaqudgha.
    21 | D:5      | Found an opulent altar of Gozag.
    24 | D:5      | Found a hide-covered altar of Uskayaw.
    25 | D:5      | Found a snail-covered altar of Cheibriados.
    63 | D:5      | Noticed Pikel
    64 | D:5      | Noticed a lemure
    70 | D:5      | Noticed a lemure
    71 | D:5      | Noticed a lemure
    71 | D:5      | Noticed a lemure
    78 | D:5      | Found a staircase to the Ecumenical Temple.
    80 | D:5      | HP: 5/20 [lemure[Pikel] (5)]
    80 | D:5      | Slain by Pikel

Vanquished Creatures
  A white imp (D:5)
1 creature vanquished.

Table legend:
 A = Non-vault XP
 B = Vault XP
 C = Vault XP percentage of total XP
 D = Non-vault monster count
 E = Vault monster count
 F = Vault count percentage of total count
                 A         B        C        D         E       F
            +---------+---------+-------+---------+---------+-------
      Total |      10 |       0 |   0.0 |       1 |       0 |   0.0
            +---------+---------+-------+---------+---------+-------
        D:5 |      10 |       0 |   0.0 |       1 |       0 |   0.0
            +---------+---------+-------+---------+---------+-------

Illustrated notes

Table legend:
 A = Kills in this place as a percentage of kills in entire the game.
 B = Kills by you in this place as a percentage of kills by you in the entire game.
 C = Kills by friends in this place as a percentage of kills by friends in the entire game.
 D = Other kills in this place as a percentage of other kills in the entire game.
 E = Experience gained in this place as a percentage of experience gained in the entire game.
 F = Experience gained in this place divided by the number of levels of this place that you have seen.
                   A       B       C       D       E      F
               +-------+-------+-------+-------+-------+----------------------
         Total | 100.0 | 100.0 |   N/A |   N/A | 100.0 |  10.0
       Dungeon | 100.0 | 100.0 |   N/A |   N/A | 100.0 |  10.0
               +-------+-------+-------+-------+-------+----------------------

Table legend: (Time is in decaauts)
 A = Elapsed time spent in this place.
 B = Non-inter-level travel time spent in this place.
 C = Inter-level travel time spent in this place.
 D = Time resting spent in this place.
 E = Time spent auto-exploring this place.
 F = Levels seen in this place.
 G = Mean time per level.
                   A        B        C        D        E       F      G
               +--------+--------+--------+--------+--------+-----+--------+
         Total |     79 |     79 |      0 |      0 |     13 |   1 |   79.0 |
       Dungeon |     79 |     79 |      0 |      0 |     13 |   1 |   79.0 |
               +--------+--------+--------+--------+--------+-----+--------+

Top non-repeatable levels by time:
     D:5: 79 daAuts
